 Dungeon Crawl Stone Soup version 0.28.0-43-g3370ac3207 (webtiles) character file.

Game seed: 11976763351077463794

134 croobank the Sneak (level 5, -5/31 HPs)
             Began as an Octopode Fire Elementalist on Mar 1, 2022.
             Slain by Natasha (6 damage)
             ... on level 2 of the Dungeon.
             The game lasted 00:05:44 (2317 turns).

croobank the Sneak (Octopode Fire Elementalist)     Turns: 2317, Time: 00:05:45

Health: -5/31      AC:  1    Str:  7    XL:     5   Next: 17%
Magic:  2/9        EV: 13    Int: 20    God:
Gold:   92         SH:  0    Dex: 12    Spells: 6/9 levels left

rFire   . . .      SeeInvis .   a - +2 dagger (venom)
rCold   . . .      Faith    .   (no shield)
rNeg    . . .      Spirit   .   d - +0 hat
rPois   .          Reflect  .   (no amulet)
rElec   .          Harm     .   (no ring)
rCorr   .          Rampage  .   (no ring)
Will    .....                   (no ring)
Stlth   ++........              (no ring)
HPRegen 0.10/turn               (no ring)
MPRegen 0.11/turn               (no ring)
                                (no ring)
                                (no ring)

@: silenced
A: almost no armour, amphibious, 8 rings, camouflage 1, gelatinous body 1,
(nimble swimmer 1), tentacles
a: no special abilities


You were on level 2 of the Dungeon.
You visited 1 branch of the dungeon, and saw 2 of its levels.

You collected 92 gold pieces.

Inventory:

Hand Weapons
 a - a +2 dagger of venom (weapon)
 b - a +0 hunting sling
Missiles
 c - 24 sling bullets
 e - 25 arrows
 f - 2 boomerangs
 g - 57 stones
Armour
 d - a +0 hat (worn)


   Skills:
 + Level 2.8 Dodging
 + Level 4.1 Stealth
 + Level 2.7 Spellcasting
 + Level 2.2 Conjurations
 + Level 3.6 Fire Magic


You had 6 spell levels left.
You knew the following spells:

 Your Spells              Type           Power      Damage    Failure   Level
a - Foxfire               Conj/Fire      56%        2x1d6     4%          1
b - Scorch                Fire           34%        2d7       4%          2

Your spell library contained the following spells:

 Spells                   Type           Power      Damage    Failure   Level
 Shock                    Conj/Air       28%        1d4       10%         1
 Conjure Flame            Conj/Fire      14%        6-21      13%         3
 Inner Flame              Hex/Fire       10%        N/A       21%         3
 Swiftness                Air            2%         N/A       41%         3
 Flame Wave               Conj/Fire      14%        2d6       41%         4
 Airstrike                Air            1%         N/A       82%         4


Dungeon Overview and Level Annotations

Branches:
Dungeon (2/15)

Altars:

Shops:
D:2 (

Annotations:
D:2 1 runed translucent door, Crazy Yiuf, Natasha


Innate Abilities, Weirdness & Mutations

You cannot wear most types of armour.
You are amphibious.
You can wear up to eight rings at the same time.
Your skin changes colour to match your surroundings (Stealth+).
Your rubbery body absorbs attacks. (AC +1, EV +1)
((You are camouflaged when in or above water. (Stealth+)))
You have tentacles for arms and can constrict up to eight enemies at once.


Message History

Casting: Foxfire (safe; 4% risk of failure)
Confirm with . or Enter, or press ? or * to list all spells.
You conjure some foxfire!
Natasha casts a spell.
The foxfire hits Natasha but does no damage.
Natasha drinks a potion.
Natasha flickers and vanishes!
Deactivating autopickup; reactivate with Ctrl-A.
The foxfire hits something.
Casting: Foxfire (safe; 4% risk of failure)
Confirm with . or Enter, or press ? or * to list all spells.
You conjure some foxfire!
The foxfire hits something. x2
Casting: Foxfire (safe; 4% risk of failure)
Confirm with . or Enter, or press ? or * to list all spells.
Flames lash something.
Something claws you!
Casting: Scorch (safe; 4% risk of failure)
Confirm with . or Enter, or press ? or * to list all spells.
Flames lash the crimson imp.
The crimson imp completely resists.
Something claws you.
Casting: Scorch (safe; 4% risk of failure)
Confirm with . or Enter, or press ? or * to list all spells.
You don't know that spell.
Unknown command.
Casting: Scorch (safe; 4% risk of failure)
Confirm with . or Enter, or press ? or * to list all spells.
Flames lash the crimson imp.
The crimson imp completely resists.
You hear some strange, mumbled words.
A magic dart appears from out of thin air!
The magic dart hits you!
You miss something.
You hear some strange, mumbled words.
A magic dart appears from out of thin air!
The magic dart hits you!
* * * LOW HITPOINT WARNING * * *
You barely miss something. Something claws you.
* * * LOW HITPOINT WARNING * * *
You aren't carrying any potions.
As you read the scroll of silence, it crumbles to dust.
A profound silence engulfs you.
The crimson imp blinks!
Something claws you.
You die...

#...............#
#.#############.#
#.# #.# #.# #.#
######.# ##.##
#......# #....
######5# ##.##
#.### #.# #@..#
##### #.# ..# #{###
#.g)# #.# #.# #§#
#...# #.# #.# #.#
... ### #.# #.# #+#
.###+#####.#####.#
♣♣.♣
.................#
♣.♣♣
#####..........#.#
♣♣.♣
....######.###.#...
♣.♣♣


You could see a crimson imp (summoned, unsilenced).

Vanquished Creatures
  Natasha (D:2)
  Robin (D:2)
  2 adders (D:2)
  A worm (D:2)
  4 dart slugs
  3 bats
  5 endoplasms
  3 giant cockroaches
  17 goblins
  10 hobgoblins
  3 jackals (D:2)
  A quokka (D:2)
  4 ball pythons
  2 frilled lizards
  3 kobolds
  4 rats
64 creatures vanquished.

Vanquished Creatures (others)
  92 foxfires
92 creatures vanquished.

Grand Total: 156 creatures vanquished

Notes
Turn   | Place    | Note
-------+----------+-------------------------------------------
     0 | D:1      | croobank the Octopode Fire Elementalist began the quest for
                  | the Orb.
     0 | D:1      | Reached XP level 1. HP: 11/11 MP: 3/3
   518 | D:1      | Reached XP level 2. HP: 17/17 MP: 3/5
   521 | D:1      | Learned a level 2 spell: Scorch
   547 | D:1      | Reached skill level 3 in Stealth
   823 | D:1      | Reached XP level 3. HP: 21/21 MP: 4/6
  1002 | D:1      | Found a faded altar of an unknown god.
  1484 | D:2      | Noticed Robin
  1493 | D:2      | Killed Robin
  1494 | D:2      | Reached XP level 4. HP: 21/27 MP: 1/7
  1790 | D:2      | Found Qecomn's Antique Weapon Boutique.
  2074 | D:2      | Noticed Natasha
  2077 | D:2      | Killed Natasha
  2078 | D:2      | Reached skill level 4 in Stealth
  2078 | D:2      | Reached XP level 5. HP: 31/31 MP: 3/9
  2230 | D:2      | Found a runed translucent door.
  2231 | D:2      | Noticed Crazy Yiuf
  2305 | D:2      | Noticed Natasha
  2316 | D:2      | HP: 1/31 [something (1)]
  2317 | D:2      | Slain by Natasha

Illustrated notes

Levels and vault maps discovered:
D:1:      shiori_shiawase, layout_basic, ebering_ecumenical_altar_webs
D:2:      minmay_chambers_of_twos, layout_loops_ring, serial_shops,
          shop_fountains, uniq_crazy_yiuf_cottage, uniq_natasha, uniq_robin

Skill      XL: |  1  2  3  4 |
---------------+-------------+-----
Stealth        | 3 4 |  4.1
Conjurations   | 2 |  2.2
Dodging        | |  2.8
Spellcasting   | |  2.7
Fire Magic     | |  3.6

Action                   |  1- 3 |  4- 6 || total
-------------------------+-------+-------++-------
Melee: Unarmed           |     8 |       ||     8
       Constrict         |     3 |    13 ||    16
       Tentacles         |     3 |     9 ||    12
       Punch             |     1 |       ||     1
       Dagger            |     2 |    35 ||    37
 Cast: Foxfire           |    36 |    19 ||    55
       Scorch            |     2 |    13 ||    15
  Use: Scroll            |       |     3 ||     3
Armor: Skin              |       |     5 ||     5
Dodge: Dodged            |    11 |    14 ||    25
